 Dungeon Crawl Stone Soup version 0.17-a0-1368-g6ab37f2 (webtiles) character file.

2087 MUTANTIKUS the Grappler (level 9, -3/91 HPs)
             Began as a Troll Monk on June 12, 2015.
             Was an Initiate of Okawaru.
             Slain by Edmund
             ... wielding a +0 flail of draining
              (5 damage)
             ... on level 6 of the Dungeon.
             The game lasted 00:14:38 (4002 turns).

MUTANTIKUS the Grappler (Troll Monk)                Turns: 4002, Time: 00:14:38

Health: -3/91      AC:  5    Str: 24    XL:     9   Next: 6%
Magic:  8/8        EV: 10    Int:  6    God:    Okawaru [......]
Gold:   266        SH:  0    Dex: 12    Spells: 0 memorised, 8 levels left

rFire  . . .     SeeInvis .     x - +0 giant club (curse)
rCold  . . .     Clarity  .     a - +0 robe
rNeg   . . .     SustAt   .     (no shield)
rPois  .         Gourm    +     (helmet restricted)
rElec  .         Spirit   .     (no cloak)
rCorr  .         Warding  .     (gloves unavailable)
rMut   .         Stasis   .     (boots unavailable)
MR     .....                    (no amulet)
Stlth  ++........               t - ring of stealth
                                l - +2 ring of slaying

@: drained, very slow, not resistant to hostile enchantments, unstealthy
A: unfitting armour, claws 3, fast metabolism 3, gourmand, regeneration 2,
shaggy fur 1, tough skin 2
a: Renounce Religion


You were on level 6 of the Dungeon.
You worshipped Okawaru.
Okawaru was noncommittal.
You were full.

You visited 2 branches of the dungeon, and saw 7 of its levels.

You collected 266 gold pieces.

Inventory:

Hand weapons
 x - a cursed +0 giant club (weapon)
Armour
 a - a +0 robe (worn)
Jewellery
 l - a +2 ring of slaying (left claw)
 t - a ring of stealth (right claw)
Magical devices
 y - a wand of confusion (21)
Scrolls
 f - 5 scrolls of identify {unknown}
 h - 2 scrolls of teleportation {unknown}
 j - a scroll of random uselessness {unknown}
 o - 3 scrolls of remove curse {unknown}
 p - a scroll of noise {unknown}
 q - 4 scrolls of amnesia {unknown}
 r - 2 scrolls of immolation {unknown}
 s - 2 scrolls of enchant armour {unknown}
Potions
 c - 2 potions of ambrosia {unknown}
 d - 3 potions of agility {unknown}
 e - a potion of cancellation {unknown}
 i - 3 potions of might {unknown}
 k - a potion of heal wounds {unknown}
 n - a potion of lignification {unknown}
 u - a potion of haste {unknown}
 w - a potion of flight {unknown}
 z - a potion of poison {unknown}
 C - a potion of resistance {unknown}
Comestibles
 b - 6 bread rations
 g - 3 meat rations
 m - 2 slices of pizza
 A - 7 fruits
 B - a royal jelly


   Skills:
 + Level 6.3(5.2) Fighting
 + Level 3.3(2.4) Maces & Flails
 - Level 3.8(2.8) Dodging
 - Level 1.7(0.8) Stealth
 + Level 8.8(7.6) Unarmed Combat
 - Level 0.1(0.0) Invocations


You had 8 spell levels left.
You didn't know any spells.

Dungeon Overview and Level Annotations

Branches:
Dungeon (6/15)             Temple (1/1) D:6

Altars:
Ashenzari
Cheibriados
Dithmenos
Elyvilon
Fedhas
Gozag
Kikubaaqudgha
Makhleb
Nemelex Xobeh
Okawaru
Ru
Sif Muna
Trog
Vehumet
Xom
Yredelemnul
Zin
The Shining One

Annotations:
D:6 Edmund


Innate Abilities, Weirdness & Mutations

You are too large for most types of armour.
You have claws for hands.
Your metabolism is lightning-fast.
You like to eat raw meat.
You heal very quickly.
You are covered in fur (AC +1).
You have very tough skin (AC +2).


Message History

You feel drained. The kobold barely misses you. The kobold misses you.
Edmund hits you but does no damage.
You feel drained.
You closely miss Edmund. The kobold closely misses you.
Edmund closely misses you.
You closely miss Edmund. The kobold closely misses you.
Edmund hits you but does no damage.
You feel drained. The kobold hits you but does no damage.
You bludgeon Edmund!!
Edmund is heavily wounded.
Edmund hits you with a flail of draining.
* * * LOW HITPOINT WARNING * * *
You feel drained.
* * * LOW HITPOINT WARNING * * *
The kobold closely misses you.
You bludgeon Edmund!!
Edmund is almost dead.
Edmund misses you. The kobold hits you but does no damage. The kobold hits you.
* * * LOW HITPOINT WARNING * * *
Edmund hits you with a flail of draining.
You die...

.........#
........# ........
...... #....#
#....########
#.@K.......>#
#.@........<#
#?..........#####
#...............#
#...####........###
#...# #...........
#)..##########.....
##.....# #..... #
#.....# #.....
##.##.....## #>....


You could see Edmund and a kobold.

Vanquished Creatures
  Pikel (D:5)
  Grinder (D:5)
  Prince Ribbit (D:5)
  Menkaure (D:6)
  A phantom (D:5)
  An ice beast (D:5)
  2 ogres (D:5)
  A centaur (D:5)
  Blork the orc (D:5)
  A giant frog (D:3)
  A scorpion (D:5)
  2 crimson imps (D:5)
  A giant frog zombie (D:6)
  3 orc priests
  A jelly (D:5)
  2 orc wizards
  3 worker ants
  7 adders
  An ooze (D:3)
  An adder skeleton (D:4)
  3 worms
  12 orcs
  2 ball pythons (D:4)
  8 bats
  A bat skeleton (D:5)
  10 hobgoblins
  7 jackals
  12 kobolds
  4 giant cockroaches
  10 giant newts
  13 goblins
  5 rats
120 creatures vanquished.

Vanquished Creatures (others)
  A worker ant zombie (D:5)
  A giant cockroach (D:5)
2 creatures vanquished.

Grand Total: 122 creatures vanquished

Notes
Turn   | Place    | Note
--------------------------------------------------------------
     0 | D:1      | MUTANTIKUS the Troll Monk began the quest for the Orb.
     0 | D:1      | Reached XP level 1. HP: 22/22 MP: 0/0
   260 | D:1      | Reached XP level 2. HP: 29/29 MP: 1/1
   753 | D:2      | Reached XP level 3. HP: 29/36 MP: 2/2
   768 | D:2      | Found a faded altar to an unknown god.
   776 | D:2      | Became a worshipper of Cheibriados the Contemplative
   776 | D:2      | Acquired Cheibriados's first power
   807 | D:2      | Acquired Cheibriados's second power
  1135 | D:3      | Noticed a giant frog
  1150 | D:3      | Killed a giant frog
  1150 | D:3      | Reached XP level 4. HP: 19/44 MP: 3/3
  1159 | D:3      | Reached XP level 5. HP: 14/52 MP: 4/4
  1277 | D:3      | Acquired Cheibriados's third power
  1320 | D:3      | Reached skill level 5 in Unarmed Combat
  2111 | D:4      | Reached XP level 6. HP: 44/61 MP: 5/5
  2815 | D:5      | Entered Level 5 of the Dungeon
  2843 | D:5      | Reached skill level 6 in Unarmed Combat
  2847 | D:5      | Acquired Cheibriados's fourth power
  2961 | D:5      | Reached XP level 7. HP: 45/70 MP: 6/6
  3149 | D:5      | Noticed Pikel
  3159 | D:5      | Killed Pikel
  3159 | D:5      | Reached skill level 5 in Fighting
  3159 | D:5      | Reached skill level 1 in Maces & Flails
  3159 | D:5      | Reached skill level 7 in Unarmed Combat
  3159 | D:5      | Reached XP level 8. HP: 26/80 MP: 7/7
  3275 | D:5      | Noticed Grinder
  3293 | D:5      | Killed Grinder
  3293 | D:5      | Reached skill level 8 in Unarmed Combat
  3364 | D:5      | Found a shimmering altar of Xom.
  3365 | D:5      | Found a bloodstained altar of Trog.
  3382 | D:5      | Noticed Prince Ribbit
  3389 | D:5      | Killed Prince Ribbit
  3591 | D:5      | Noticed Blork the orc
  3599 | D:5      | Killed Blork the orc
  3659 | D:6      | Reached XP level 9. HP: 81/89 MP: 8/8
  3763 | D:6      | Found a staircase to the Ecumenical Temple.
  3808 | Temple   | Entered the Ecumenical Temple
  3933 | Temple   | Fell from the grace of Cheibriados
  3933 | Temple   | Became a worshipper of Warmaster Okawaru
  3990 | D:6      | Noticed Menkaure
  3994 | D:6      | Noticed Edmund
  3997 | D:6      | Killed Menkaure
  3998 | D:6      | HP: 3/91 [Edmund/flail of draining (6)]
  4002 | D:6      | Slain by Edmund

Vault maps used:
D:1:      dpeg_arrival_line_fractal
D:2:      ecumenical_altar_2
D:4:      nicolae_ossuary_entry_false_entrances, first_bread, roderic_lattice_a
D:5:      gammafunk_temple_overflow_statue, minmay_door_square,
          uniq_prince_ribbit1, uniq_blork_the_orc, uniq_grinder, uniq_pikel
D:6:      minmay_temple_entry_statues_fountains, okawaru_gym_becter,
          uniq_menkaure, uniq_sigmund, uniq_edmund
Temple:   lightli_temple_of_artemis

Action                   |  1- 3 |  4- 6 |  7- 9 || total
-------------------------+-------+-------+-------++-------
Melee: Unarmed           |    92 |   138 |     3 ||   233
       Giant club        |       |       |    91 ||    91
Invok: Bend Time         |       |     1 |     1 ||     2
       Temporal Distorti |       |     1 |       ||     1
 Stab: Sleeping          |     2 |    12 |     4 ||    18
  Eat: Chunk             |    14 |    10 |     9 ||    33
